 Dungeon Crawl Stone Soup version 0.31.0-12-g77e489cdc1 (webtiles) character file.

Game seed: 10567463379446778177

193388 Ashen the Eclecticist (level 17, -2/140 HPs)
             Began as a Mummy Necromancer on Feb 9, 2024.
             Was the Champion of Kikubaaqudgha.
             Incinerated by a sun moth (12 damage)
             ... with a flurry of pyrophoric scales
             ... on level 1 of the Spider Nest on Feb 11, 2024.
             The game lasted 03:25:11 (42081 turns).

Ashen the Eclecticist (Mummy Necromancer)          Turns: 42081, Time: 03:25:12

Health: -2/140     AC: 10    Str:  8    XL:     17   Next: 64%
Magic:  12/38      EV: 21    Int: 27    God:    Kikubaaqudgha [******]
Gold:   893        SH:  0    Dex: 20    Spells: 3/51 levels left

rFire   . . .        a - staff of Yqucug {rN+ Str-4 Int+3 Dex+5 Necro}
rCold   + . .        (no shield)
rNeg    + + +        C - +2 robe {Will+}
rPois   ∞            L - +0 hat "Bifir" {Int+5}
rElec   .            K - scarf {repulsion}
rCorr   .            l - +2 pair of gloves
SInv    .            f - +2 pair of boots
Will    +++..        S - amulet of reflection
Stlth   +            v - ring of protection from fire
HPRegen 0.43/turn    J - ring of wizardry
MPRegen 0.26/turn

%: repel missiles, reflection, faith, wizardry (x1)
@: confused, on fire, death channelling, animating dead, glowing
A: cold resistance 1, negative energy resistance 3, torment resistance 2, heat
vulnerability 1, in touch with death 2, no potions, faith
}: 1/15 runes: barnacled
a: Renounce Religion, Unearth Wretches, Torment


You were on level 1 of the Spider Nest.
You worshipped Kikubaaqudgha.
Kikubaaqudgha was exalted by your worship.
You visited 6 branches of the dungeon, and saw 28 of its levels.
You also visited: Volcano.

You collected 3795 gold pieces.
You spent 2902 gold pieces at shops.

Inventory:

Hand Weapons
 T - a +7 demon trident of electrocution
Missiles
 x - 6 throwing nets
Armour
 f - a +2 pair of boots (worn)
 l - a +2 pair of gloves (worn)
 r - a +3 troll leather armour
 C - a +2 robe of willpower (worn)
 K - a scarf of repulsion (worn)
 L - the +0 hat "Bifir" (worn) {Int+5}
   (You bought it in a shop on level 2 of the Orcish Mines)

   Int+5:     It affects your intelligence (+5).
Magical Staves
 a - the staff of Yqucug (weapon) {rN+ Str-4 Int+3 Dex+5 Necro}
   (You found it on level 4 of the Shoals)

   [staff of death]

   Base accuracy: +5 Base damage: 5 Base attack delay: 1.2 This weapon's minimum
   attack delay (0.6) is reached at skill level 12.
   Str-4:     It affects your strength (-4).
   Int+3:     It affects your intelligence (+3).
   Dex+5:     It affects your dexterity (+5).
   rN+:       It protects you from negative energy.
   Necro:     It increases the power of your Necromancy spells.
   It falls into the 'Staves' category.
   It is a one-handed weapon.
Jewellery
 j - a ring of protection from cold
 v - a ring of protection from fire (left hand)
 G - an amulet of the acrobat
 J - a ring of wizardry (right hand)
 Q - a ring of wizardry
 S - an amulet of reflection (around neck)
Wands
 b - a wand of acid (9)
 g - a wand of digging (16)
 i - a wand of flame (46)
 z - a wand of paralysis (15)
 D - a wand of mindburst (4)
 P - a wand of roots (14)
Scrolls
 c - 8 scrolls of teleportation
 e - 3 scrolls of enchant armour
 h - 2 scrolls of torment
 m - 8 scrolls of amnesia
 n - 6 scrolls of revelation
 o - 3 scrolls of brand weapon
 p - 5 scrolls of fog
 q - 2 scrolls of fear
 s - 4 scrolls of blinking
 t - 2 scrolls of silence
 u - 6 scrolls of noise
 y - 7 scrolls of poison
 F - 4 scrolls of immolation
 H - a scroll of vulnerability
 N - 9 scrolls of identify
 O - 2 scrolls of butterflies
Miscellaneous
 d - a phial of floods
 I - a phantom mirror
 R - a box of beasts


   Skills:
 + Level 14.7 Fighting
 + Level 12.8 Dodging
 - Level 3.0 Stealth
 + Level 17.7 Spellcasting
 - Level 5.0 Hexes
 + Level 7.4 Summonings
 * Level 17.2 Necromancy
 - Level 5.0 Earth Magic
 + Level 0.1 Evocations


You had 3 spell levels left.
You knew the following spells:

 Your Spells              Type           Power      Damage    Failure   Level
a - Necrotise             Necr           100%       1d9       0%          1
b - Vampiric Draining     Necr           100%       2d13      0%          3
c - Animate Dead          Necr           100%       N/A       0%          4
d - Curse of Agony        Necr           100%       N/A       1%          5
e - Kiss of Death         Conj/Necr      100%       2d13      1%          1
f - Anguish               Hex/Necr       68%        N/A       1%          4
g - Martyr's Knell        Necr/Summ      100%       N/A       1%          4
h - Death Channel         Necr           78%        N/A       1%          6
i - Borgnjor's Vile Clut  Necr/Erth      68%        N/A       1%          5
j - Haunt                 Necr/Summ      70%        N/A       4%          7
k - Infestation           Necr           78%        N/A       4%          8

Your spell library contained the following spells:

 Spells                   Type           Power      Damage    Failure   Level
 Fugue of the Fallen      Necr           100%       N/A       0%          3
 Sandblast                Erth           100%       2d20      1%          1
 Shock                    Conj/Air       92%        1d8       1%          1
 Slow                     Hex            100%       N/A       1%          1
 Cigotuvi's Dreadful Rot  Necr/Alch/Air  100%       N/A       1%          2
 Confusing Touch          Hex            50%        N/A       1%          3
 Dazzling Flash           Conj/Hex       74%        N/A       1%          3
 Passwall                 Erth           50%        N/A       1%          3
 Sigil of Binding         Hex            50%        N/A       1%          3
 Stone Arrow              Conj/Erth      74%        3d11      1%          3
 Ozocubu's Armour         Ice            23%        N/A       2%          3
 Swiftness                Air            23%        N/A       2%          3
 Volatile Blastmotes      Fire/Tloc      46%        2d13      2%          3
 Dispel Undead            Necr           100%       3d31      0%          4
 Brom's Barrelling Bould  Conj/Erth      37%        2d6       2%          4
 Airstrike                Air            11%        2d(2-18)  8%          4
 Manifold Assault         Tloc           23%        N/A       8%          4
 Starburst                Conj/Fire      11%        6d5       71%         6
 Maxwell's Capacitive Co  Air            11%        ∞         100%        8


Dungeon Overview and Level Annotations

Branches:
Dungeon (15/15)            Temple (1/1) D:6            Lair (5/5) D:11
 Shoals (4/4) Lair:3       Spider (1/4) Lair:3        Slime (0/5) Lair:4
    Orc (2/2) D:9             Elf (0/3) Orc:2        Vaults (0/5) D:13
 Depths (0/4) D:15        Volcano (visited)

Altars:
Ashenzari
Cheibriados
Dithmenos
Fedhas
Gozag
Hepliaklqana
Kikubaaqudgha
Makhleb
Nemelex Xobeh
Okawaru
Qazlal
Ru
Sif Muna
Trog
Uskayaw
Vehumet
Wu Jian
Xom
Yredelemnul
Jiyva

Shops:
D:9 [   D:10 *   D:15 (!:   Orc:1 (   Orc:2 (?![*

Annotations:
D:8 1 exclusion
D:11 1 runed translucent door, 1 exclusion, diceflayer's ghost, journeyman DsFi
D:12 2 transporters, cheburek's ghost, journeyman MfSh
Lair:1 2 transporters, diceflayer's ghost, journeyman DsFi
Lair:2 2 transporters, exclusion: oklob plant, KineticRobot's ghost, adept MiFi
Shoals:1 3 runed translucent doors, NotYourErnst's ghost, journeyman DrEE
Shoals:2 3 runed translucent doors, Raspi's ghost, adept MiBe


Innate Abilities, Weirdness & Mutations

You are immune to poison.
Your flesh is cold resistant. (rC+)
You are immune to negative energy. (rN+++)
You are immune to unholy pain and torment.
You are vulnerable to heat. (rF-)
You are strongly in touch with the powers of death.
You do not drink.
You have a special connection with the divine. (Faith)


Message History

The sun moth's wings beat fiercely.
The flurry of pyrophoric scales is repelled.
The flurry of pyrophoric scales hits your spectral redback.
The tarantella touches you!
You are afflicted by dizzying energies!
You are more confused.
The wolf spider barely misses you. The wolf spider misses you.
You bump into the rock wall.
The tarantella misses you. The wolf spider completely misses you.
The wolf spider misses you.
The sun moth's wings beat fiercely.
The flurry of pyrophoric scales hits you.
You are covered in intense liquid fire!
The tarantella touches you.
You are afflicted by dizzying energies!
You are more confused.
The wolf spider misses you. The wolf spider bites you! The sun moth bites you!
You bump into the rock wall.
The liquid fire burns you!
* * * LOW HITPOINT WARNING * * *
The tarantella touches you but does no damage.
The culicivora chitters at the wolf spider.
The wolf spider is healed somewhat.
The wolf spider hits you but does no damage.
The wolf spider closely misses you. The sun moth completely misses you.
You hit the sun moth but do no damage.
The sun moth writhes in agony!
You kill the sun moth!
Kikubaaqudgha accepts your kill.
The dead are flying!
A glowing mist starts to gather...
The liquid fire burns you!
* * * LOW HITPOINT WARNING * * *
The tarantella completely misses you. The wolf spider misses you.
The wolf spider barely misses you. The wolf spider hits you!
* * * LOW HITPOINT WARNING * * *
The wolf spider bites you.
* * * LOW HITPOINT WARNING * * *
The tarantella closely misses you.
The culicivora bites you but does no damage.
You hit your redback zombie.
Your redback zombie is lightly damaged.
The liquid fire burns you!
You die...
Kikubaaqudgha rasps: "You have failed me!
Welcome... oblivion!"

## # ##.# . ##.
...#. .. #....
###.##.Z.# ##
..#...Z.... ..#
#.....sss#####..##
#@##........
.##.#ZZZ..>....#
...#ZZZ..#####
#....#.#.....#
#.#..###....## #
#..^.##.#...#
..#...#.#^.##
...#.....# .>. ..#
#.#<#.# ..#


You could see a wolf spider (ally target), a culicivora (ally target), a
tarantella, a friendly spectral jumping spider, 2 friendly spectral redbacks, a
friendly spectral sun moth, a friendly jumping spider zombie, 2 friendly redback
zombies and a friendly sun moth zombie.

Vanquished Creatures
  Snorg (Lair:3)
  A merfolk impaler (Shoals:1)
  A centaur warrior (D:9)
  A merfolk aquamancer (Shoals:4)
  2 two-headed ogres
  4 death yaks
  2 occultists (Volcano)
  3 skysharks
  4 sea snakes
  A deep troll (Orc:2)
  A sun moth (Spider:1)
  The ghost of Nilihum the Thaumaturge, a novice DECj of Vehumet (D:6)
  A harpy (Shoals:3)
  A deep elf zephyrmancer (D:11)
  An oklob plant (Lair:4)
  An ugly thing (D:15)
  An orc sorcerer (Volcano)
  A faun (Shoals:4)
  A toenail golem (Volcano)
  5 elephants (Lair:5)
  A salamander (Volcano)
  A manticore (Shoals:1)
  A merfolk siren (Shoals:1)
  A kobold blastminer (Orc:2)
  A water nymph (Shoals:4)
  An unseen horror (D:9)
  4 cane toads
  A rime drake (Lair:2)
  Jeremiah (D:6)
  3 komodo dragons
  A troll (D:11)
  2 merfolk
  5 wind drakes
  4 blink frogs
  A snapping turtle (Shoals:4)
  A jumping spider (Spider:1)
  A slime creature (D:12)
  20 yaks
  A small abomination (D:13)
  3 humans
  3 water elementals
  2 vampire mosquitoes
  A basilisk (Lair:1)
  A redback (Spider:1)
  2 steam dragons (D:9)
  An acid dragon (D:8)
  7 water moccasins
  2 hell hounds (Orc:2)
  12 orc warriors
  A swamp drake (Lair:4)
  A sky beast (D:5)
  Duvessa (D:7)
  An ice beast (D:7)
  A black bear (Lair:2)
  3 wolves
  5 ogres
  2 centaurs
  4 kobold brigands
  6 bullfrogs
  A scorpion (D:5)
  9 wights
  Dowan (D:7)
  19 killer bees
  An electric eel (Lair:3)
  A howler monkey (D:5)
  3 lava snakes (Lair:3)
  10 hounds
  A bombardier beetle (D:4)
  10 orc priests
  A gnoll bouda (D:6)
  Terence (D:2)
  A sleepcap (D:6)
  An iguana (D:6)
  16 orc wizards
  Robin (D:1)
  16 adders
  10 gnolls
  2 white imps
  2 ufetubi (D:6)
  3 dart slugs
  2 ribbon worms (D:5)
  34 orcs
  3 endoplasms
  A giant cockroach (D:1)
  17 hobgoblins
  9 jackals
  23 kobolds
  2 quokkas (D:4)
  4 ball pythons
  7 bats
  3 frilled lizards
  5 goblins
  6 rats
370 creatures vanquished.

Vanquished Creatures (collateral kills)
  A tentacled monstrosity (D:13)
  Aizul (Shoals:4)
  Roxanne (D:14)
  Louise (D:14)
  The ghost of doomedcactus the Martial Artist, a journeyman DgSh (Orc:1)
  2 very ugly things (D:13)
  Azrael (Orc:2)
  3 merfolk impalers
  A merfolk javelineer (Shoals:4)
  A vault guard (D:13)
  2 hydras
  2 ogre magi (Orc:2)
  An ironbound frostheart (D:13)
  A sphinx zombie (D:15)
  2 catoblepae (Lair:5)
  3 merfolk avatars
  4 merfolk aquamancers
  4 centaur warriors
  A boulder beetle (D:14)
  A dancing weapon (Volcano)
  10 death yaks
  9 two-headed ogres
  4 satyrs
  2 tengu warriors (D:14)
  5 alligator snapping turtles
  2 orc high priests (Orc:1)
  A vampire mage (D:15)
  2 demonic crawlers (D:13)
  A storm dragon zombie (D:15)
  5 skysharks
  9 sea snakes
  8 skeletal warriors
  A large abomination (D:13)
  A lindwurm (Lair:5)
  2 deep elf pyromancers
  12 harpies
  A necromancer (D:15)
  11 ugly things
  3 oklob plants
  12 fauns
  5 cyclopes
  9 elephants
  11 manticores
  4 toenail golems (Volcano)
  A black mamba (Lair:4)
  10 merfolk sirens
  7 nameless horrors
  9 water nymphs
  2 gargoyles
  5 cane toads
  2 freezing wraiths (D:14)
  An efreet (D:15)
  A rime drake (Lair:4)
  3 komodo dragons
  3 kobold demonologists
  A tengu conjurer (D:10)
  A queen bee (shapeshifter) (D:13)
  24 merfolk
  8 trolls
  A hornet (shapeshifter) (D:14)
  5 wind drakes
  7 blink frogs
  3 snapping turtles
  6 slime creatures
  3 wraiths
  A wyvern (D:10)
  48 yaks
  A basilisk (Lair:3)
  9 water elementals
  3 humans
  5 vampire mosquitoes
  A fire elemental (Orc:2)
  2 redbacks (Spider:1)
  2 acid dragons
  4 small abominations (D:13)
  2 hell hounds (Orc:2)
  17 water moccasins
  An ice beast (shapeshifter) (D:15)
  An orc warrior (Orc:2)
  8 centaurs
  14 ogres
  3 boggarts (D:14)
  4 wolves
  A kobold brigand (D:13)
  5 bullfrogs
  2 killer bees (D:9)
  4 electric eels
  A howler monkey (D:10)
  A lava snake (Lair:3)
  2 orc priests
  4 orc wizards
  11 adders (Lair:4)
  21 orcs
  A bat (D:1)
  An endoplasm (D:3)
  A giant cockroach (D:1)
  A goblin (D:2)
  A hobgoblin (D:1)
  A jackal (D:2)
  7 kobolds
458 creatures vanquished.

Vanquished Creatures (others)
  A very ugly thing zombie (D:13)
  A merfolk javelineer (Shoals:4)
  Josephine (Lair:3)
  A hydra (D:13)
  2 centaur warriors
  2 catoblepae (Lair:5)
  A merfolk aquamancer (Shoals:4)
  A satyr (Shoals:3)
  A guardian serpent zombie (Shoals:4)
  An anaconda (Lair:5)
  2 two-headed ogres
  3 death yaks (Lair:3)
  3 skeletal warriors (D:12)
  A sea snake (Shoals:1)
  3 skysharks
  A deep troll (Orc:2)
  An orb spider (Lair:3)
  3 harpies (Shoals:3)
  An ugly thing zombie (D:13)
  A harpy (shapeshifter) (D:11)
  4 fauns
  A lindwurm (Volcano)
  3 manticores
  A cyclops (Orc:2)
  5 salamanders (Volcano)
  9 elephants
  2 molten gargoyles (Lair:3)
  A black mamba (Lair:4)
  A water nymph (Shoals:4)
  3 cane toads
  A sea snake zombie (Shoals:1)
  6 komodo dragons
  A redback zombie (Spider:1)
  2 rime drakes
  4 harpy zombies (Shoals:3)
  3 wind drakes
  A demonic crawler zombie (D:13)
  4 merfolk
  A polar bear (Lair:3)
  4 trolls
  4 blink frogs
  2 snapping turtles (Shoals:4)
  2 wraiths
  17 yaks
  2 wind drake zombies (Shoals:4)
  A water elemental (Shoals:4)
  A wyvern (D:10)
  4 slime creature zombies
  A vampire (D:13)
  A basilisk (Lair:3)
  2 humans (Volcano)
  4 two-headed ogre zombies (Orc:2)
  3 merfolk zombies
  2 skyshark zombies
  5 vampire mosquitoes
  4 cane toad zombies
  2 water nymph zombies (Shoals:4)
  A deep troll zombie (Orc:2)
  3 water moccasins
  3 faun zombies (Shoals:4)
  6 orc warriors
  13 elephant zombies
  3 ogres (Orc:2)
  3 blink frog zombies (Lair:4)
  3 wolves
  A bullfrog (Lair:3)
  4 salamander zombies (Volcano)
  5 komodo dragon zombies
  3 water moccasin zombies
  2 cyclops zombies (Orc:2)
  A polar bear zombie (Lair:3)
  6 troll zombies
  12 yak zombies
  2 electric eels (Lair:5)
  A wolf zombie (Lair:2)
  A lava snake (Lair:3)
  7 bullfrog zombies
  4 human zombies
  3 orc priests
  4 orc wizards
  2 killer bee zombies (D:9)
  6 ogre zombies (Orc:2)
  4 adder zombies
  3 lava snake zombies (Lair:3)
  41 orc zombies
  8 orcs
  2 gnoll zombies (D:5)
  A hobgoblin (D:7)
  A dart slug zombie (D:9)
  2 hobgoblin zombies
  9 kobold zombies
315 creatures vanquished.

Grand Total: 1143 creatures vanquished

Notes
Turn   | Place    | Note
-------+----------+-------------------------------------------
     0 | D:1      | Ashen the Mummy Necromancer began the quest for the Orb.
     0 | D:1      | Reached XP level 1. HP: 13/13 MP: 4/4
   126 | D:1      | Found a faded altar of an unknown god.
   258 | D:1      | Reached XP level 2. HP: 19/19 MP: 2/5
   932 | D:1      | Found Dirphovie's Magic Scroll Shoppe.
  1268 | D:1      | Reached XP level 3. HP: 24/24 MP: 3/7
  1462 | D:1      | Learned a level 3 spell: Vampiric Draining
  1493 | D:2      | Reached XP level 4. HP: 30/30 MP: 3/9
  1844 | D:2      | Noticed Terence
  1849 | D:2      | Killed Terence
  2217 | D:2      | Noticed Robin
  2220 | D:2      | Reached XP level 5. HP: 35/35 MP: 4/10
  2232 | D:1      | Killed Robin
  2615 | D:2      | Learned a level 4 spell: Animate Dead
  2859 | D:3      | Found a shimmering blue altar of Sif Muna.
  3092 | D:3      | Found a stormy altar of Qazlal.
  3093 | D:3      | Noticed a fire elemental
  3095 | D:3      | Noticed an air elemental
  3095 | D:3      | Noticed a water elemental
  3534 | D:4      | Reached XP level 6. HP: 35/42 MP: 12/12
  3685 | D:4      | Reached skill level 5 in Necromancy
  3692 | D:4      | Reached skill level 1 in Fighting
  3969 | D:4      | Found a burning altar of Makhleb.
  4241 | D:4      | Learned a level 5 spell: Curse of Agony
  4242 | D:5      | Entered Level 5 of the Dungeon
  4796 | D:5      | Reached skill level 5 in Spellcasting
  4887 | D:5      | Reached XP level 7. HP: 50/50 MP: 8/14
  5540 | D:6      | Noticed Jeremiah
  5697 | D:6      | Found an iron altar of Okawaru.
  6093 | D:7      | Found a broken altar of Ashenzari.
  6213 | D:7      | Noticed Duvessa
  6247 | D:7      | Killed Duvessa
  6248 | D:7      | Reached XP level 8. HP: 32/58 MP: 6/17
  6266 | D:7      | Noticed Dowan
  6277 | D:7      | Killed Dowan
  6418 | D:7      | Found an ornate altar of the Wu Jian Council.
  6485 | D:6      | Found a runed translucent door.
  6614 | D:6      | Found a staircase to the Ecumenical Temple.
  6625 | Temple   | Entered the Ecumenical Temple
  6636 | Temple   | Became a worshipper of Kikubaaqudgha
  6989 | D:6      | Noticed Nilihum's ghost (novice DECj)
  7387 | D:8      | Reached * piety under Kikubaaqudgha
  7387 | D:8      | Received a gift from Kikubaaqudgha
  7396 | D:8      | Noticed a two-headed ogre
  7501 | D:6      | Learned a level 1 spell: Kiss of Death
  7687 | D:8      | Killed a two-headed ogre
  7688 | D:8      | Reached skill level 5 in Fighting
  7688 | D:8      | Reached skill level 5 in Dodging
  7688 | D:8      | Reached XP level 9. HP: 11/68 MP: 12/20
  8066 | D:8      | HP: 3/68 [yak (12)]
  8552 | D:9      | Killed an unseen horror
  8552 | D:9      | Reached ** piety under Kikubaaqudgha
  8900 | D:9      | Reached XP level 10. HP: 67/77 MP: 19/23
  8934 | D:9      | Found a staircase to the Orcish Mines.
  8937 | D:9      | Found Imoer's Armour Shop.
  9623 | D:9      | Found an opulent altar of Gozag.
  9997 | D:9      | Found a blossoming altar of Fedhas.
 10009 | D:9      | Noticed an oklob plant
 10423 | D:8      | Reached *** piety under Kikubaaqudgha
 10423 | D:8      | Received a gift from Kikubaaqudgha
 10574 | D:8      | Learned a level 4 spell: Anguish
 10579 | D:8      | Learned a level 4 spell: Martyr's Knell
 10586 | D:8      | Learned a level 6 spell: Death Channel
 11329 | D:7      | Found a sacrificial altar of Ru.
 11481 | D:7      | Reached skill level 10 in Spellcasting
 11608 | D:6      | Killed Nilihum's ghost
 11745 | D:6      | Found an iron altar of Okawaru.
 11780 | D:6      | Found a staircase to the Ecumenical Temple.
 11906 | D:6      | Killed Jeremiah
 12655 | D:10     | Entered Level 10 of the Dungeon
 12970 | D:10     | Reached XP level 11. HP: 68/86 MP: 21/25
 13593 | D:10     | Found Kenaam's Assorted Antiques.
 13600 | D:10     | Bought a scroll labelled ZOZ HAARAXTOFU for 36 gold pieces
 13600 | D:10     | Bought a scroll labelled WUX UCUONTA for 36 gold pieces
 13600 | D:10     | Bought a scroll labelled ZOZ HAARAXTOFU for 36 gold pieces
 13921 | D:11     | Reached **** piety under Kikubaaqudgha
 13922 | D:11     | Reached skill level 10 in Necromancy
 14019 | D:11     | Noticed a two-headed ogre
 14024 | D:11     | Killed a two-headed ogre
 14267 | D:11     | Noticed a deep elf zephyrmancer
 14295 | D:11     | Killed a deep elf zephyrmancer
 14297 | D:11     | Noticed an entropy weaver
 14330 | D:10     | Noticed a two-headed ogre
 14342 | D:10     | Killed a two-headed ogre
 14558 | D:11     | a golden eye changed into a harpy
 14558 | D:11     | Noticed a harpy (shapeshifter)
 14579 | D:11     | Killed a harpy
 14873 | D:11     | Found a runed translucent door.
 14873 | D:11     | Noticed diceflayer's ghost (journeyman DsFi)
 14907 | D:11     | Found a staircase to the Lair.
 14978 | D:11     | Learned a level 5 spell: Borgnjor's Vile Clutch
 15232 | Lair:1   | Entered Level 1 of the Lair of Beasts
 15515 | Lair:1   | Found a dark tunnel.
 15557 | Volcano  | Entered a volcano
 15601 | Volcano  | Noticed an orc sorcerer
 15609 | Volcano  | Killed an orc sorcerer
 15621 | Volcano  | Reached XP level 12. HP: 74/96 MP: 23/28
 16161 | Volcano  | Reached skill level 1 in Summonings
 16161 | Volcano  | Reached skill level 1 in Earth Magic
 16507 | Lair:1   | Reached skill level 10 in Fighting
 16872 | Lair:1   | Noticed a death yak
 16879 | Lair:1   | Noticed a death yak
 16884 | Lair:1   | Noticed a death yak
 16885 | Lair:1   | Noticed a death yak
 16889 | Lair:1   | Killed a death yak
 16892 | Lair:1   | Killed a death yak
 16896 | Lair:1   | Killed a death yak
 16902 | Lair:1   | Killed a death yak
 17053 | Lair:1   | Noticed diceflayer's ghost (journeyman DsFi)
 17062 | Lair:1   | Found a transporter.
 17064 | Lair:1   | Found a transporter.
 17066 | Lair:1   | Found the +7 Spriggan's Knife {stab, EV+4 Stlth+}
 17980 | Lair:2   | Gained mutation: You are strongly in touch with the powers
                  | of death. [Mummy growth]
 17980 | Lair:2   | Reached XP level 13. HP: 78/104 MP: 10/30
 18649 | Lair:2   | Found a transporter.
 18671 | Lair:2   | Noticed KineticRobot's ghost (adept MiFi)
 18684 | Lair:2   | Found a transporter.
 18825 | Lair:2   | Reached ***** piety under Kikubaaqudgha
 19917 | Lair:3   | You fall into a shaft and drop 2 floors!
 19917 | Lair:5   | Entered Level 5 of the Lair of Beasts
 19926 | Lair:5   | Identified a scroll of acquirement
 20125 | Lair:5   | Reached skill level 10 in Dodging
 21179 | Lair:5   | Reached XP level 14. HP: 111/114 MP: 26/32
 21550 | Lair:5   | Identified the maw talisman "Juynaori" {Int-5 Dex+6 Stlth+}
 21881 | Lair:4   | Reached ****** piety under Kikubaaqudgha
 21882 | Lair:4   | Reached skill level 15 in Spellcasting
 22069 | Lair:4   | Received a gift from Kikubaaqudgha (forbidden knowledge)
 22107 | Lair:4   | Learned a level 7 spell: Haunt
 22203 | Lair:4   | Found a viscous altar of Jiyva.
 22203 | Lair:4   | Found a staircase to the Slime Pits.
 23306 | Lair:3   | Noticed Josephine
 23317 | Lair:3   | Killed Josephine
 23477 | Lair:3   | Reached skill level 1 in Hexes
 23575 | Lair:3   | Your ally Josephine died
 23620 | Lair:3   | Noticed Snorg
 23634 | Lair:3   | Killed Snorg
 23903 | Lair:3   | Found a hole to the Spider Nest.
 24107 | Lair:3   | Found a staircase to the Shoals.
 24884 | D:1      | Bought a scroll of noise for 10 gold pieces
 24884 | D:1      | Bought a scroll of teleportation for 30 gold pieces
 24884 | D:1      | Bought a scroll of blinking for 75 gold pieces
 24884 | D:1      | Bought 3 scrolls of amnesia for 120 gold pieces
 24884 | D:1      | Bought a scroll of enchant armour for 75 gold pieces
 24884 | D:1      | Bought a scroll of brand weapon for 95 gold pieces
 24884 | D:1      | Acquired 1157 gold pieces
 25044 | Orc:1    | Entered Level 1 of the Orcish Mines
 25124 | Orc:1    | Found Guly's Antique Weapon Shop.
 25262 | Orc:1    | Noticed doomedcactus's ghost (journeyman DgSh)
 25263 | Orc:1    | Found a transporter.
 25289 | Orc:1    | Found a transporter.
 25397 | Orc:1    | Noticed a kraken
 25854 | Orc:1    | Reached XP level 15. HP: 119/122 MP: 12/34
 25885 | Orc:1    | Killed doomedcactus's ghost
 25965 | Orc:2    | Entered Level 2 of the Orcish Mines
 26287 | Orc:2    | Found Xedad's Assorted Antiques.
 26287 | Orc:2    | Found a staircase to the Elven Halls.
 26508 | Orc:2    | Bought a scroll of revelation for 262 gold pieces
 26513 | Orc:2    | Found Luwogem's Distillery.
 26514 | Orc:2    | Found Nyekasy's Antique Weapon Emporium.
 26519 | Orc:2    | Found Setoos's Antique Armour Shop.
 26536 | Orc:2    | Found Hiutsis's Magic Scroll Shoppe.
 26540 | Orc:2    | Bought a transparent hat for 270 gold pieces
 26540 | Orc:2    | Identified the +0 hat "Bifir" {Int+5} (You bought it in a
                  | shop on level 2 of the Orcish Mines)
 26540 | Orc:2    | Noticed Azrael
 26565 | Orc:2    | Killed Azrael
 26670 | Orc:2    | Bought a scroll of enchant weapon for 105 gold pieces
 26670 | Orc:2    | Bought a scroll of acquirement for 728 gold pieces
 26670 | Orc:2    | Bought a scroll of poison for 56 gold pieces
 26670 | Orc:2    | Bought a scroll of poison for 56 gold pieces
 26670 | Orc:2    | Bought a scroll of identify for 28 gold pieces
 26670 | Orc:2    | Bought a scroll of identify for 28 gold pieces
 26670 | Orc:2    | Bought a scroll of fog for 56 gold pieces
 26670 | Orc:2    | Acquired the staff of Deformation {rN+ Int+2 Necro}
 26938 | D:12     | Found a transporter.
 26943 | D:12     | Noticed cheburek's ghost (journeyman MfSh)
 26956 | D:12     | Found a transporter.
 28683 | D:13     | Found a gate to the Vaults.
 28774 | D:13     | Reached skill level 5 in Summonings
 28982 | D:13     | Found a runed translucent door.
 29977 | D:13     | Reached skill level 15 in Necromancy
 30102 | D:13     | Noticed a tentacled monstrosity
 30332 | D:13     | Killed a tentacled monstrosity
 30440 | D:13     | Reached XP level 16. HP: 102/131 MP: 22/36
 31097 | D:14     | Noticed Louise
 31113 | D:14     | Killed Louise
 31409 | D:14     | Reached skill level 5 in Earth Magic
 31737 | D:14     | Found a basalt altar of Yredelemnul.
 31739 | D:14     | Noticed Roxanne
 31756 | D:14     | Killed Roxanne
 32952 | D:15     | Entered Level 15 of the Dungeon
 32966 | D:15     | Found Hiydou's Weapon Shoppe.
 33346 | D:15     | Found a staircase to the Depths.
 33696 | D:15     | Identified the +1 scale mail of the Thirsty Ziggurats
                  | {^Contam Rampage rElec rC+}
 33733 | D:15     | Found Leic Gos's Distillery.
 33739 | D:15     | Found Reskuz's Book Boutique.
 33747 | D:15     | Bought a book of Decay for 800 gold pieces
 34641 | Shoals:1 | Entered Level 1 of the Shoals
 35112 | Shoals:1 | Found a runed translucent gate.
 35113 | Shoals:1 | Found a runed translucent gate.
 35114 | Shoals:1 | Found a runed translucent gate.
 35114 | Shoals:1 | Noticed NotYourErnst's ghost (journeyman DrEE)
 35139 | Shoals:1 | Learned a level 8 spell: Infestation
 35195 | Shoals:1 | Reached skill level 5 in Hexes
 36355 | Shoals:2 | Found a runed translucent gate.
 36355 | Shoals:2 | Found a runed translucent gate.
 36355 | Shoals:2 | Found a runed translucent gate.
 37904 | Shoals:2 | Noticed Raspi's ghost (adept MiBe)
 39012 | Shoals:3 | Upgraded the game from 0.31.0-11-ge490571c62 to
                  | 0.31.0-12-g77e489cdc1
 39291 | Shoals:3 | Reached XP level 17. HP: 127/139 MP: 31/38
 40084 | Shoals:4 | Entered Level 4 of the Shoals
 40555 | Shoals:4 | Identified the staff of Yqucug {rN+ Str-4 Int+3 Dex+5
                  | Necro}
 40612 | Shoals:4 | Identified the serpent talisman of the Thistle {Dex+3}
 40612 | Shoals:4 | Noticed Aizul
 40619 | Shoals:4 | Killed Aizul
 40796 | Shoals:4 | Your ally Aizul died
 40883 | Shoals:4 | Identified the +1 ice dragon scales of Vehumet {Rampage
                  | ^Drain rF- rC++ Will+}
 40992 | Shoals:4 | Got a barnacled rune of Zot
 42049 | Spider:1 | Entered Level 1 of the Spider Nest
 42081 | Spider:1 | Incinerated by a sun moth

Illustrated notes

Levels and vault maps discovered:
D:1:      minmay_arrival_wavy_path, layout_loops_corners, serial_shops, shop,
          ebering_ecumenical_altar_rust, minmay_bisected
D:2:      layout_basic, kennysheep_generic_room_14, uniq_terence, uniq_robin
D:3:      layout_basic, nicolae_qazlal_style_of_elements,
          mainiacjoe_overflow_large_starburst
D:4:      layout_loops_corners, mainiacjoe_overflow_small_starburst
D:5:      layout_rooms
D:6:      layout_basic, mainiacjoe_overflow_chevrons, minmay_temple_entry_ruins,
          ebering_ghost_sewer_d, uniq_jeremiah
D:7:      layout_basic, nicolae_wu_jian_wuxing_cycle,
          cheibrodos_ashenzari_chains, nicolae_ru_the_path_less_chosen,
          uniq_duvessa
D:8:      layout_rooms, due_unseen_surprise
D:9:      layout_cave_pools, tgw_fedhas, mainiacjoe_overflow_tiny_flanked,
          orc_david_3
D:10:     layout_long_grid, serial_shops, shop, roderic_lattice_a
D:11:     nzn_winding_woodlands_small [nzn_winding_woodlands_5x15_lazy_stream,
          nzn_winding_woodlands_center_diamonds,
          nzn_winding_woodlands_5x15_pathside_ponds], layout_rooms,
          erik_lair_orcish_takeover, gammafunk_ghost_grave, hive_lemuel
D:12:     layout_loops_ring, gammafunk_ghost_berserking_beasts,
          minmay_variable_closet
D:13:     cheibrodos_body_horror, layout_loops_corners, hellmonk_vaults_keyhole
D:14:     layout_roguey, serial_park_tiny_2, yredelemnul_altar_generic,
          uniq_louise, uniq_roxanne
D:15:     gammafunk_depths_entry_grave, layout_long_grid, serial_shops, shop,
          shop, shop, nrook_mini_vaults
Temple:   nicolae_temple_x_marks_the_god
Lair:1:   layout_chaotic_city, gammafunk_ghost_hive,
          nicolae_volcano_entry_hallway, chequers_serial_rivers_small_3
Lair:2:   layout_layer_cave, nzn_ghost_randoct, beast_lair_carwin_9,
          serial_bayou_shore_a, grunt_megastairs_2, serial_bayou_shore_b,
          infiniplex_staircase_pool
Lair:3:   cheibrodos_magma_flow, layout_gridlike, elwin_shoals_entry_rooms,
          nicolae_spider_entry_orb_guardian, uniq_snorg, uniq_josephine
Lair:4:   lemuel_reptile_caves, layout_loops_ring,
          minmay_slime_entry_oklob_open, grunt_megastairs_4
Lair:5:   evilmike_catoblepas_cave, layout_gridlike
Shoals:1: layout_shoals, gammafunk_ghost_tricky_traps,
          nicolae_shoals_flooded_hall
Shoals:2: layout_shoals, ebering_ghost_rock_garden
Shoals:3: layout_shoals
Shoals:4: shoals_end_grunt_garden, layout_shoals, uniq_aizul
Spider:1: layout_spider_delve
Orc:1:    layout_caves, serial_shops, shop, gammafunk_ghost_arena,
          mainiacjoe_minedec_watcher_in_the_water, minmay_orc_temple_a
Orc:2:    st_orc_open, layout_diamond_mine, serial_shops, shop_statue,
          uniq_azrael

Skill      XL: |  1  2  3  4  5  6  7  8  9 10 11 12 13 14 15 16 17 |
---------------+----------------------------------------------------+-----
Spellcasting   | 3 4 5 6 7 9 10 12 13 14 15 16 17 | 17.7
Stealth        | 2 3 |  3.0
Dodging        | 2 3 4 5 6 7 8 9 10 11 12 | 12.8
Necromancy     | 5 6 7 8 9 10 11 12 14 15 16 17 | 17.2
Fighting       | 2 3 5 6 8 9 10 11 12 13 14 | 14.7
Summonings     | 3 4 5 6 7 |  7.4
Earth Magic    | 3 4 5 |  5.0
Hexes          | 1 4 5 |  5.0
Evocations     | |  0.1

Action                     |  1- 3 |  4- 6 |  7- 9 | 10-12 | 13-15 | 16-18 || total
---------------------------+-------+-------+-------+-------+-------+-------++-------
  Melee: Unarmed           |     8 |     1 |       |       |       |       ||     9
         Mace              |       |    46 |    25 |       |       |       ||    71
         Dagger            |       |       |   104 |   367 |   462 |       ||   933
         Dire flail        |       |       |       |    72 |       |       ||    72
         Punch             |       |       |       |     8 |    15 |     2 ||    25
         Staff             |       |       |       |       |    90 |   244 ||   334
   Cast: Necrotise         |    53 |   124 |    96 |    23 |    12 |       ||   308
         Vampiric Draining |       |     2 |    36 |    83 |    46 |    45 ||   212
         Animate Dead      |       |     2 |     2 |    18 |    18 |     8 ||    48
         Kiss of Death     |       |       |     4 |       |       |     3 ||     7
         Anguish           |       |       |       |    25 |   103 |    24 ||   152
         Martyr's Knell    |       |       |       |    16 |    38 |    16 ||    70
         Curse of Agony    |       |       |       |     8 |     3 |     1 ||    12
         Death Channel     |       |       |       |    11 |    37 |    14 ||    62
         Borgnjor's Vile C |       |       |       |     7 |    12 |     5 ||    24
         Haunt             |       |       |       |       |    42 |   117 ||   159
         Infestation       |       |       |       |       |       |    27 ||    27
 Invoke: Unearth Wretches  |       |       |       |     5 |     3 |     4 ||    12
         Receive Forbidden |       |       |       |       |     1 |       ||     1
  Evoke: Wand              |       |       |       |    15 |       |       ||    15
    Use: Scroll            |       |       |       |       |    17 |    11 ||    28
   Stab: Sleeping          |       |     3 |     1 |     5 |     3 |     1 ||    13
         Distracted        |       |       |       |     4 |    10 |     1 ||    15
         Paralysed         |       |       |       |     1 |     2 |     2 ||     5
 Armour: Robe              |    10 |    57 |   199 |   303 |     2 |   239 ||   810
         Troll leather arm |       |       |       |    85 |   559 |    97 ||   741
  Dodge: Dodged            |    14 |    57 |   193 |   542 |   737 |   430 ||  1973
         Repelled          |       |       |       |       |     5 |     8 ||    13
  Block: Other             |       |       |       |       |       |    54 ||    54
         Reflection        |       |       |       |       |       |     7 ||     7
